 Dungeon Crawl Stone Soup version 0.22.1-6-g1668fe2 (webtiles) character file.

429 poxu the Shooter (level 6, -2/52 HPs)
             Began as a Centaur Hunter on Jan 20, 2019.
             Was an Initiate of Elyvilon.
             Killed by divine providence
             ... invoked by an orc priest
              (13 damage)
             ... in the Ecumenical Temple.
             The game lasted 00:06:02 (4344 turns).

poxu the Shooter (Centaur Hunter)                   Turns: 4344, Time: 00:06:02

Health: -2/52      AC:  9    Str: 16    XL:     6   Next: 66%
Magic:  15/15      EV:  8    Int: 10    God:    Elyvilon [......]
Gold:   144        SH:  0    Dex: 10    Spells: 5/5 levels left

rFire    . . .     SeeInvis .   i - +1 whip (venom)
rCold    . . .     Gourm    .   (no shield)
rNeg     . . .     Faith    .   s - +0 ring mail
rPois    .         Spirit   .   (no helmet)
rElec    .         Reflect  .   (no cloak)
rCorr    .         Harm     .   (no gloves)
MR       .....                  (no barding)
Stlth    ..........             (no amulet)
HPRegen  0.17/turn              g - +3 ring of protection
MPRegen  0.14/turn              n - ring of magical power

@: very quick
A: large, hooves 3, deformed body, speed 2, tough skin 3
a: Renounce Religion


You were in the Ecumenical Temple.
You worshipped Elyvilon.
Elyvilon was noncommittal.
You were not hungry.

You visited 2 branches of the dungeon, and saw 5 of its levels.

You collected 144 gold pieces.

Inventory:

Hand Weapons
 a - a +1 shortbow
 b - a +0 short sword
 i - a +1 whip of venom (weapon)
 q - a +0 hand axe
Missiles
 d - 45 arrows
Armour
 c - a +0 leather armour
 r - a +0 scale mail
 s - a +0 ring mail (worn)
Jewellery
 g - a +3 ring of protection (left hand)
 n - a ring of magical power (right hand)
Scrolls
 e - 2 scrolls of identify {unknown}
 h - a scroll of noise {unknown}
 l - 2 scrolls of blinking {unknown}
 m - 3 scrolls of teleportation {unknown}
 p - 2 scrolls of remove curse {unknown}
Potions
 j - a potion of might
 k - 2 potions of flight {unknown}
 o - a potion of lignification {unknown}
Comestibles
 f - 10 rations


   Skills:
 + Level 3.8 Fighting
 * Level 1.0 Axes
 + Level 6.9 Bows
 * Level 3.4 Armour
 - Level 1.3 Dodging
 - Level 0.4 Stealth
 + Level 0.0 Invocations


You had 5 spell levels left.
You didn't know any spells.
Your spell library was empty.

Dungeon Overview and Level Annotations

Branches:
Dungeon (4/15)             Temple (1/1) D:4

Altars:
Ashenzari
Cheibriados
Dithmenos
Elyvilon
Fedhas
Gozag
Hepliaklqana
Kikubaaqudgha
Makhleb
Nemelex Xobeh
Okawaru
Qazlal
Ru
Sif Muna
Trog
Uskayaw
Vehumet
Xom
Zin
The Shining One


Innate Abilities, Weirdness & Mutations

You have hooves in place of feet.
Armour fits poorly on your strangely shaped body.
You cover ground very quickly.
You have extremely tough skin. (AC +3)


Message History

The orc priest hits you but does no damage.
You hit the orc priest. You kick the orc priest.
The orc priest is moderately wounded.
The orc priest hits you but does no damage.
You hit the orc priest.
The orc priest is heavily wounded.
The orc priest hits you.
You barely miss the orc priest. You kick the orc priest.
The orc priest is heavily wounded.
The orc priest barely misses you.
You hit the orc priest.
The orc priest is severely wounded.
The orc priest mumbles some strange prayers to Beogh against you.
Pain shoots through your body!
* * * LOW HITPOINT WARNING * * *
You hit the orc priest.
The orc priest is poisoned.
The orc priest is almost dead.
The orc priest invokes the aid of Beogh against you.
Beogh smites you!
You die...

##.##.._..##.#......_..##.##.._..
...#.#...#..#.....#...#...#.#...#
.....##.#......#...#.#......##.#.
.#.#.......#.#...#......#.#......
#...#.##..#...#.....#..#...#.##..
.._..##.##.._.....##.##.._..##.##
#...#..##.#...#.#...#..#...#..##.
.#.#.......#.#..........#.#......
................@o...............
......#.#..........#.#.......#.#.
..##.#...#..#...#.#...#..##.#...#
##.##.._..##.##....._..##.##.._..
.##..#...#..#.....#...#.##..#...#
......#.#......#...#.#.......#.#.
.#.##......#.#...#......#.##.....
#...#.#...#...#.....#..#...#.#...
.._..##.##.._......#.##.._..##.##


You could see an orc priest.

Vanquished Creatures
  Sigmund (D:2)
  3 orc priests
  2 orc wizards
  7 adders
  3 leopard geckos
  18 orcs
  6 bats
  A giant cockroach (D:1)
  4 goblins
  A hobgoblin (D:3)
  3 frilled lizards
  6 kobolds
  3 rats
58 creatures vanquished.

Notes
Turn   | Place    | Note
-------+----------+-------------------------------------------
     0 | D:1      | poxu the Centaur Hunter began the quest for the Orb.
     0 | D:1      | Reached XP level 1. HP: 17/17 MP: 1/1
   526 | D:1      | Reached XP level 2. HP: 24/24 MP: 2/2
  1305 | D:2      | Reached skill level 1 in Armour
  1683 | D:2      | Reached XP level 3. HP: 15/30 MP: 3/3
  1874 | D:2      | Noticed Sigmund
  1884 | D:2      | HP: 1/30 [Sigmund/scythe (13)]
  1891 | D:2      | Killed Sigmund
  1891 | D:2      | Reached skill level 6 in Bows
  1891 | D:2      | Reached XP level 4. HP: 6/38 MP: 4/4
  1891 | D:2      | Reached XP level 5. HP: 7/45 MP: 5/5
  2688 | D:3      | Reached XP level 6. HP: 35/51 MP: 6/6
  3972 | D:4      | Reached skill level 1 in Axes
  4141 | D:4      | Found a staircase to the Ecumenical Temple.
  4164 | Temple   | Entered the Ecumenical Temple
  4317 | Temple   | Became a worshipper of Elyvilon the Healer
  4344 | Temple   | Killed from afar by an orc priest

Skill      XL: |  1  2  3  4  5  6 |
---------------+-------------------+-----
Armour         | 1 2 3 |  3.4
Fighting       | 3 |  3.8
Bows           | 6 |  6.9
Axes           | 1 |  1.0
Dodging        | |  1.3
Stealth        | |  0.4

Action                   |  1- 3 |  4- 6 || total
-------------------------+-------+-------++-------
Melee: Whip              |    53 |   123 ||   176
       Kick              |    10 |    26 ||    36
       Short sword       |     1 |       ||     1
 Fire: Shortbow          |     6 |       ||     6
  Use: Potion            |     4 |       ||     4
  Eat: Chunk             |     2 |     6 ||     8
Armor: Leather armour    |    17 |    50 ||    67
       Ring mail         |       |     9 ||     9
Dodge: Dodged            |    27 |    76 ||   103
